 Dungeon Crawl Stone Soup version 0.27.1-34-g3ba077fa99 (webtiles) character file.

Game seed: 2743368051234292648

4472 alasdair19 the Carver (level 10, -4/86 HPs)
             Began as a Minotaur Fighter on Jan 26, 2022.
             Was a Priest of Okawaru.
             Killed from afar by Maggie (10 damage)
             ... with a bolt of fire
             ... on level 8 of the Dungeon.
             The game lasted 00:18:30 (8262 turns).

alasdair19 the Carver (Minotaur Fighter)            Turns: 8262, Time: 00:18:30

Health: -4/86      AC: 17    Str: 23    XL:     10   Next: 15%
Magic:  0/12       EV:  6    Int:  6    God:    Okawaru [***...]
Gold:   307        SH: 11    Dex: 10    Spells: 9/9 levels left

rFire    . . .     SeeInvis .   e - +4 long sword
rCold    . . .     Faith    .   c - +0 kite shield
rNeg     . . .     Spirit   +   d - +0 plate armour
rPois    .         Reflect  .   (helmet restricted)
rElec    .         Harm     .   k - +0 cloak
rCorr    .         Rampage  .   (no gloves)
Will     +....                  g - +0 pair of boots
Stlth    ..........             h - amulet of guardian spirit
HPRegen  0.24/turn              t - ring of willpower
MPRegen  0.13/turn              (no ring)

@: mesmerised
A: horns 2, retaliatory headbutt
a: Renounce Religion, Heroism


You were on level 8 of the Dungeon.
You worshipped Okawaru.
Okawaru was most pleased with you.
You visited 2 branches of the dungeon, and saw 9 of its levels.

You collected 439 gold pieces.
You spent 132 gold pieces at shops.

Inventory:

Hand Weapons
 e - a +4 long sword (weapon)
 q - a +0 hunting sling
 z - a +0 rapier of holy wrath
 G - a +0 long sword
Missiles
 r - 75 sling bullets
 D - 3 boomerangs of dispersal
 F - 5 curare-tipped darts (quivered)
Armour
 b - a +0 scale mail
 c - a +0 kite shield (worn)
 d - a +0 plate armour (worn)
 g - a +0 pair of boots (worn)
 k - a +0 cloak (worn)
Jewellery
 h - an amulet of guardian spirit (around neck)
 t - a ring of willpower (left hand)
 H - a ring of protection from fire
Wands
 n - a wand of flame (14)
 s - a wand of digging (10)
 x - a wand of paralysis (13)
Scrolls
 i - 5 scrolls of teleportation
 j - 2 scrolls of blinking
 m - a scroll of fog
 u - a scroll of silence {unknown}
 v - a scroll of enchant weapon {unknown}
 y - a scroll of enchant armour {unknown}
 B - a scroll of identify
 E - a scroll of magic mapping {unknown}
Potions
 a - a potion of heal wounds
 f - 3 potions of flight
 l - 3 potions of curing
 o - a potion of cancellation
 p - 2 potions of lignification
 w - a potion of berserk rage
 A - a potion of haste {unknown}
 C - a potion of mutation {unknown}


   Skills:
 + Level 7.2 Fighting
 + Level 9.7 Long Blades
 * Level 0.3(0.8) Slings
 + Level 1.0 Throwing
 + Level 9.2 Armour
 + Level 9.1 Shields
 * Level 4.6 Invocations
 - Level 2.0 Evocations


You had 9 spell levels left.
You didn't know any spells.
Your spell library contained the following spells:

 Spells                   Type           Power      Damage    Failure   Level
 Sandblast                Erth           0%         2d4       100%        1
 Ensorcelled Hibernation  Hex/Ice        0%         N/A       100%        2
 Passwall                 Tmut/Erth      0%         N/A       100%        2
 Sublimation of Blood     Necr           0%         N/A       100%        2
 Dazzling Flash           Conj/Hex       0%         N/A       100%        3
 Spider Form              Tmut/Pois      0%         N/A       100%        3
 Stone Arrow              Conj/Erth      0%         3d7       100%        3
 Olgreb's Toxic Radiance  Pois           0%         N/A       100%        4
 Petrify                  Tmut/Erth      0%         N/A       100%        4
 Agony                    Necr           0%         N/A       100%        5
 Bolt of Magma            Conj/Fire/Erth 0%         4d4       100%        5
 Irradiate                Conj/Tmut      0%         3d13      100%        5
 Lee's Rapid Deconstruct  Erth           0%         3d5*      100%        5
 Silence                  Hex/Air        0%         N/A       100%        5
 Shadow Creatures         Summ           N/A        N/A       100%        6
 Ozocubu's Refrigeration  Ice            0%         4d5       100%        7
 Ignition                 Fire           0%         3d3       100%        8
 Shatter                  Erth           0%         3d5*      100%        9


Dungeon Overview and Level Annotations

Branches:
Dungeon (8/15)             Temple (1/1) D:5
   Lair: D:8-11

Altars:
Ashenzari
Okawaru
Ru
Sif Muna
Xom

Shops:
D:6 *

Annotations:
D:6 1 runed translucent door, Crazy Yiuf
D:8 Maggie


Innate Abilities, Weirdness & Mutations

You have a pair of horns on your head.
You reflexively headbutt those who attack you in melee.


Message History

You are too mesmerised to rage.
You hit Maggie. You headbutt Maggie.
Maggie is almost dead.
You block the killer bee zombie's attack.
The killer bee zombie hits you but does no damage.
You block Maggie's attack.
You closely miss Maggie.
Maggie is almost dead.
You block the killer bee zombie's attack.
Maggie barely misses you.
You riposte.
You hit Maggie. Your headbutt misses Maggie.
Maggie is almost dead.
The killer bee zombie hits you but does no damage.
You hit Maggie but do no damage.
Maggie is almost dead.
You block the killer bee zombie's attack.
Maggie points at you and mumbles some strange words.
The bolt of fire hits you!
* * * LOW HITPOINT WARNING * * *
The killer bee zombie barely misses you.
You furiously retaliate!
You headbutt the killer bee zombie!
You destroy the killer bee zombie!
Okawaru accepts your kill.
Okawaru will now gift you ammunition as you gain piety.
You hit Maggie but do no damage.
Maggie is almost dead.
Maggie hits you but does no damage.
You cannot move away from Maggie!
You hit Maggie.
Maggie is almost dead.
Maggie gestures at you while chanting. The bolt of fire hits you!!
* * * LOW HITPOINT WARNING * * *
You cannot move away from Maggie!
You cannot move away from Maggie!
You closely miss Maggie.
Maggie is almost dead.
Maggie gestures at you while chanting. The bolt of fire hits you!
You die...

.##......# .........# ...
.........# ..# ........# ...###
##....### ...... .. ## #
#.......####...# ...###.
...##...###........##........#
.........##.........#.........#
.....##.......@@...............#
#.....##..#...##.................
........>.....#.........###......
.................#.......#....#..
.................##........#. ##.
......[..........##.....##...##..
........................# #...)##
..................##..### #..))).
...................#..### ###..##


You could see Maggie (mesmerising).

Vanquished Creatures
  Pikel (D:6)
  Joseph (D:8)
  Grinder (D:3)
  Prince Ribbit (D:7)
  2 wyverns
  A steam dragon (D:7)
  Eustachio (D:6)
  Menkaure (D:4)
  2 orc warriors
  A sky beast (D:5)
  2 necrophages
  4 ogres
  2 centaurs
  A kobold brigand (D:4)
  3 lemures (D:6)
  A bullfrog (D:7)
  Blork the orc (D:5)
  5 scorpions
  4 killer bees (D:7)
  2 howler monkeys (D:5)
  4 wights (D:8)
  A hound (D:4)
  A gnoll shaman (D:6)
  Terence (D:2)
  7 iguanas
  10 orc wizards
  A killer bee zombie (D:8)
  A hound skeleton (D:4)
  A howler monkey zombie (D:7)
  8 adders
  6 gnolls
  A howler monkey skeleton (D:4)
  A shadow imp (D:5)
  A white imp (D:7)
  An ufetubus (D:6)
  An adder skeleton (D:5)
  4 dart slugs
  18 orcs
  4 ball pythons
  3 bats
  10 endoplasms
  4 giant cockroaches
  6 goblins
  4 hobgoblins
  5 jackals
  5 frilled lizards
  9 kobolds
  6 rats
161 creatures vanquished.

Vanquished Creatures (others)
  An orc wizard (D:5)
1 creature vanquished.

Grand Total: 162 creatures vanquished

Notes
Turn   | Place    | Note
-------+----------+-------------------------------------------
     0 | D:1      | alasdair19 the Minotaur Fighter began the quest for the
                  | Orb.
     0 | D:1      | Reached XP level 1. HP: 19/19 MP: 0/0
   155 | D:1      | Reached XP level 2. HP: 27/27 MP: 1/1
   883 | D:2      | Reached XP level 3. HP: 33/33 MP: 2/2
   946 | D:2      | Noticed Terence
   951 | D:2      | Killed Terence
   952 | D:2      | Reached XP level 4. HP: 41/41 MP: 3/3
  1648 | D:2      | Found a faded altar of an unknown god.
  1799 | D:2      | Found a shimmering altar of Xom.
  1999 | D:3      | Reached XP level 5. HP: 45/47 MP: 4/4
  2029 | D:3      | Noticed Grinder
  2043 | D:3      | Paralysed by Grinder for 3 turns
  2046 | D:3      | Killed Grinder
  2047 | D:3      | Reached skill level 5 in Long Blades
  2047 | D:3      | Reached skill level 5 in Armour
  2047 | D:3      | Reached skill level 5 in Shields
  2047 | D:3      | Reached XP level 6. HP: 47/55 MP: 5/5
  2255 | D:3      | Reached skill level 5 in Fighting
  2978 | D:4      | Found a shimmering blue altar of Sif Muna.
  3229 | D:4      | Reached XP level 7. HP: 61/61 MP: 6/6
  3355 | D:4      | Noticed Menkaure
  3365 | D:4      | Killed Menkaure
  4144 | D:5      | Entered Level 5 of the Dungeon
  4333 | D:5      | Reached skill level 1 in Evocations
  4333 | D:5      | Reached XP level 8. HP: 61/69 MP: 5/7
  4527 | D:5      | Found a staircase to the Ecumenical Temple.
  4569 | Temple   | Entered the Ecumenical Temple
  4576 | Temple   | Became a worshipper of Warmaster Okawaru
  4663 | D:5      | Noticed Blork the orc
  4672 | D:5      | Killed Blork the orc
  4673 | D:5      | Reached skill level 1 in Invocations
  5331 | D:5      | Reached * piety under Okawaru
  5477 | D:6      | Found Gucy Gur's General Store.
  5492 | D:6      | Bought a scroll of identify for 24 gold pieces
  5492 | D:6      | Bought a potion of heal wounds for 60 gold pieces
  5492 | D:6      | Bought a scroll of identify for 24 gold pieces
  5492 | D:6      | Bought a scroll of identify for 24 gold pieces
  5771 | D:6      | Noticed Pikel
  5803 | D:6      | Killed Pikel
  5804 | D:6      | Reached XP level 9. HP: 49/78 MP: 7/9
  5991 | D:6      | Found a runed translucent door.
  5992 | D:6      | Noticed Crazy Yiuf
  6538 | D:6      | Noticed Eustachio
  6577 | D:6      | Killed Eustachio
  6701 | D:7      | Reached ** piety under Okawaru
  7498 | D:7      | Noticed Prince Ribbit
  7508 | D:7      | Killed Prince Ribbit
  8055 | D:8      | Noticed Joseph
  8068 | D:8      | Killed Joseph
  8069 | D:8      | Reached XP level 10. HP: 79/86 MP: 10/12
  8220 | D:8      | Noticed Maggie
  8243 | D:8      | Reached skill level 1 in Throwing
  8259 | D:8      | Reached *** piety under Okawaru
  8262 | D:8      | Killed from afar by Maggie

Illustrated notes

Levels and vault maps discovered:
D:1:      enne_arrival_octagon_isle, layout_basic
D:2:      layout_basic, basic_altar, hellmonk_ecumenical_altar_leap_of_faith,
          minmay_split_cup_small, uniq_terence
D:3:      layout_basic, uniq_grinder
D:4:      layout_basic, mainiacjoe_overflow_paths,
          ebering_dispersal_statue_hall, uniq_menkaure
D:5:      layout_basic, minmay_temple_entry_sparse_star, hex_medium,
          minmay_a_box_with_orc_wizards_in_it, uniq_blork_the_orc
D:6:      layout_basic, serial_shops, shop, minmay_misc_feat_nine_boxes,
          uniq_crazy_yiuf_cottage, uniq_pikel, uniq_eustachio
D:7:      layout_basic, grunt_ministairs_9, uniq_prince_ribbit1
D:8:      layout_cave_pools, uniq_joseph, uniq_maggie
Temple:   minmay_crystal_snake_temple

Skill      XL: |  1  2  3  4  5  6  7  8  9 10 |
---------------+-------------------------------+-----
Fighting       | 4 5 6 7 |  7.2
Shields        | 4 5 6 7 9 |  9.1
Long Blades    | 3 5 7 8 9 |  9.7
Armour         | 4 5 6 7 9 |  9.2
Evocations     | 1 2 |  2.0
Invocations    | 2 4 |  4.6
Throwing       | 1 |  1.0
Slings         | |  0.3

Action                   |  1- 3 |  4- 6 |  7- 9 | 10-12 || total
-------------------------+-------+-------+-------+-------++-------
Melee: Long sword        |    41 |   120 |   381 |    23 ||   565
       Headbutt          |     9 |    20 |    83 |     7 ||   119
       Rapier            |       |       |       |    18 ||    18
 Fire: Hunting sling     |       |       |       |     5 ||     5
Throw: Dart              |       |       |    10 |       ||    10
  Use: Potion            |     1 |       |       |     1 ||     2
       Scroll            |       |     3 |    10 |       ||    13
Armor: Scale mail        |    20 |     4 |       |       ||    24
       Plate armour      |       |    65 |   213 |    23 ||   301
Dodge: Dodged            |    14 |    21 |    53 |    14 ||   102
Block: Kite shield       |    20 |    58 |   220 |    35 ||   333
       Rpst.: Long sword |     5 |     6 |    14 |     4 ||    29
